puck, lawful female human Valkyrie @ puck the Woman-at-arms Experience level: 11 Strength: 18 Dexterity: 14 Constitution: 17 Intelligence: 9 Wisdom: 11 Charisma: 8 Health: 0(127) Energy: 9(9) Def: 13 Gold: 21 Moves: 24469 Dungeon seed: RWHgjFV07lG-dPfW Game ID: puck_1559411772 Your Inventory: Coins $ - 21 gold pieces Weapons b - 31 uncursed +0 daggers (wielded) k - the blessed rustproof +1 Excalibur (alternate weapon; not wielded) Armor f - an uncursed +0 elven leather helm (being worn) n - an uncursed +0 silver dragon scale mail (being worn) r - an uncursed +1 pair of water walking boots (being worn) y - an uncursed +0 pair of gauntlets of dexterity (being worn) Comestibles p - an uncursed male lizard corpse Scrolls l - a blessed scroll of earth Rings m - an uncursed ring of conflict B - a blessed +2 ring of increase damage (on left hand) L - an uncursed ring of warning (on right hand) Wands q - an uncursed wand of cancellation (0:5) C - an uncursed wand of cold (0:4) E - an uncursed wand of polymorph (0:4) Q - an uncursed wand of slow monster (0:3) U - an uncursed wand of teleportation (0:0) Tools a - a blessed bag of holding o - an uncursed skeleton key w - an uncursed blindfold x - an uncursed magic flute (0:4) z - a blessed +0 unicorn horn D - an uncursed stethoscope F - an uncursed bag of tricks (0:15) Gems N - an uncursed luckstone Contents of the bag of holding: 7111 gold pieces an uncursed +0 elven dagger an uncursed +0 mummy wrapping an uncursed egg 5 uncursed female lizard corpses 9 uncursed food rations 2 uncursed lembas wafers an uncursed male lizard corpse an uncursed sprig of wolfsbane an uncursed tin of female fire giant meat an uncursed tin of female quantum mechanic meat an uncursed tripe ration a blessed potion of blindness an uncursed potion of blindness a cursed potion of enlightenment an uncursed potion of gain ability an uncursed potion of gain energy a cursed potion of gain energy an uncursed potion of gain level an uncursed potion of hallucination a cursed potion of healing 8 potions of holy water an uncursed potion of oil an uncursed potion of paralysis 2 uncursed potions of sickness an uncursed potion of sleeping 2 uncursed potions of water 4 uncursed scrolls of blank paper 2 uncursed scrolls of confuse monster a cursed scroll of confuse monster an uncursed scroll of destroy armor an uncursed scroll of earth 2 uncursed scrolls of enchant weapon a cursed scroll of enchant weapon an uncursed scroll of genocide 2 blessed scrolls of identify an uncursed scroll of identify 2 cursed scrolls of identify an uncursed scroll of light a blessed scroll of magic mapping a cursed scroll of punishment 4 uncursed scrolls of remove curse an uncursed scroll of stinking cloud 5 uncursed scrolls of teleportation a cursed scroll of teleportation a cursed ring of aggravate monster an uncursed ring of fire immunity an uncursed +2 ring of gain constitution an uncursed ring of protection from shape changers an uncursed ring of sustain ability an uncursed ring of sustain ability an uncursed wand of digging (0:1) an uncursed wand of digging (0:0) an uncursed wand of lightning (0:3) an uncursed wand of make invisible (0:1) an uncursed can of grease (0:9) an uncursed leash an uncursed mirror an uncursed tin whistle an uncursed tinning kit (0:45) an uncursed +0 unicorn horn an uncursed +0 unicorn horn an uncursed +0 unicorn horn 8 uncursed wax candles (0:400) Spells and supernatural/magical abilities: Name Level Category Cost Memory j - jumping 1 escape 11pw 75% W - pray for help -- divine ? -- Your skills at the end: Fighting Skills two weapon combat [Skilled] wands [Basic] Weapon Skills dagger [Skilled] long sword [Expert] Spellcasting Skills Final Attributes: You were piously aligned. You were immune to cold. You were shock resistant. You were poison resistant. You saw invisible. You were telepathic. You were warned. You were invisible. You were stealthy. You could walk on water. You were swallowed by an air elemental. You had a +2 damage bonus. You were fast. You had reflection. You were unlucky. You had extra luck. Bad luck did not time out for you. Good luck did not time out for you. You last prayed 19976 turns ago. Tyr was noncommittal. You are dead. Vanquished creatures: a balrog a silver dragon a lurker above 2 vampires a ghost 5 giant mimics a zruty 2 fire giants a rock troll a doppelganger a large mimic a wumpus a stalker a fire elemental an earth elemental a water elemental 3 xorns 2 giant zombies 3 wargs a winter wolf 3 small mimics 2 glass piercers a warhorse an ettin mummy 2 quantum mechanics a troll a wood golem a gelatinous cube a flaming sphere a gargoyle an ochre jelly a leocrotta 2 elf mummies a human mummy a red naga a pit viper 2 pythons a cobra a carnivorous ape a leather golem 3 incubi a chameleon a giant beetle 2 quivering blobs 5 cockatrices 2 wolves a lynx a spotted jelly 2 leprechauns an orc-captain 3 iron piercers a mumak 4 giant spiders a scorpion a horse an ice vortex a black light 4 vampire bats 2 forest centaurs 4 gnome kings 2 orc mummies a dwarf mummy 4 ogres a rust monster an owlbear 2 yetis 2 Green-elves 7 lizards 3 chickatrices 2 dogs 2 dingos 4 housecats 3 jaguars a dwarf lord a white unicorn a gray unicorn 4 black unicorns 2 dust vortices a raven 4 plains centaurs 3 gnome mummies 2 snakes 6 human zombies a rope golem 2 Woodland-elves 7 fire ants 9 bugbears 4 imps 2 quasits 4 wood nymphs 2 water nymphs 4 mountain nymphs 2 Mordor orcs 6 Uruk-hai 3 orc shamans 2 rock moles a pony 5 fog clouds 2 violet fungi 11 gnome lords 9 gnomish wizards a kobold mummy 2 black naga hatchlings a guardian naga hatchling 4 gray oozes 4 ghouls 3 paper golems 5 giant ants 11 floating eyes 5 kittens 5 dwarves a homunculus 2 kobold lords a kobold shaman 20 hill orcs 17 rothes 3 rabid rats 2 giant bats 5 monkeys 9 orc zombies 2 dwarf zombies 2 wererats 3 werejackals 8 iguanas 6 killer bees 8 coyotes 2 gas spores 2 hobbits 4 manes a large kobold 8 hobgoblins 3 giant rats 2 cave spiders a yellow mold a green mold 61 gnomes 8 garter snakes a gnome zombie 12 geckos 11 jackals 6 foxes 7 goblins 13 sewer rats 20 grid bugs 6 bats 8 lichens 14 newts 554 creatures vanquished. Voluntary challenges: You used a wielded weapon 803 times, starting on turn 122. You read items or engraved 15 times, starting on turn 3801. You never genocided any monsters. You never polymorphed an object. You changed form 1 time, starting on turn 23267. You used no wishes. You never split a pudding. You wrote Elbereth's name 2 times, starting on turn 4003. You violated your moral code, losing 76 points of alignment, starting on turn 13287. Dungeon overview: The Dungeons of Doom: levels 1 to 26 Level 1 a long staircase Level 2 stairs to The Gnomish Mines Level 3 a delicatessen Level 4 a fountain Level 5 some fountains Level 6 stairs to Sokoban Level 7 a sink, a vault Level 8 a fountain Level 9 a general store Level 10 a general store, a vault Level 11 a magic portal Level 12 Level 13 a fountain Level 14 some fountains, a sink, a throne, a vault Level 15 some fountains, a vault Level 16 Level 17 a fountain, a sink Level 18 a temple to Tyr, a vault Level 19 some fountains, a sink Level 20 a fountain Level 21 Level 22 some fountains Level 23 Level 24 Level 25 <- You were here some fountains Level 26 The Gnomish Mines: levels 3 to 10 Level 3 stairs to The Dungeons of Doom Level 4 Level 5 many shops, a temple to Odin, some fountains, a sink Level 6 Level 7 Level 8 Level 9 Level 10 a fountain Sokoban: levels 2 to 5 Level 2 Solved Level 3 Solved Level 4 Solved Level 5 Solved stairs to The Dungeons of Doom History has recorded: On T:1 you entered the Dungeons of Doom to retrieve the Amulet of Yendor! On T:201 you reached level 2 of The Dungeons of Doom. On T:435 you reached level 1 of The Gnomish Mines. On T:443 you advanced to experience level 2. On T:449 you advanced to experience level 3. On T:486 you advanced to experience level 4. On T:644 you reached level 2 of The Gnomish Mines. On T:675 you advanced to experience level 5. On T:829 you reached level 3 of The Gnomish Mines. On T:1021 you advanced to experience level 6. On T:1894 you reached level 3 of The Dungeons of Doom. On T:2273 you reached level 4 of The Dungeons of Doom. On T:2358 you reached level 5 of The Dungeons of Doom. On T:2429 you reached level 6 of The Dungeons of Doom. On T:2568 you reached level 7 of The Dungeons of Doom. On T:2943 you advanced to experience level 7. On T:3277 you reached level 8 of The Dungeons of Doom. On T:3367 you reached level 9 of The Dungeons of Doom. On T:3976 you advanced to experience level 8. On T:4324 you reached level 10 of The Dungeons of Doom. On T:4579 you reached level 11 of The Dungeons of Doom. On T:5337 you reached level 12 of The Dungeons of Doom. On T:5675 you reached level 13 of The Dungeons of Doom. On T:6229 you reached level 4 of Sokoban. On T:6525 you reached level 3 of Sokoban. On T:7113 you reached level 2 of Sokoban. On T:7405 you reached level 1 of Sokoban. On T:8664 you advanced to experience level 9. On T:10205 you reached level 4 of The Gnomish Mines. On T:10265 you reached level 5 of The Gnomish Mines. On T:10924 you reached level 6 of The Gnomish Mines. On T:11562 you reached level 7 of The Gnomish Mines. On T:15149 you reached level 8 of The Gnomish Mines. On T:15315 you advanced to experience level 10. On T:16435 you advanced to experience level 8. On T:18432 you reached level 14 of The Dungeons of Doom. On T:18627 you advanced to experience level 9. On T:19159 you reached level 15 of The Dungeons of Doom. On T:19492 you reached level 16 of The Dungeons of Doom. On T:20158 you reached level 17 of The Dungeons of Doom. On T:20680 you reached level 18 of The Dungeons of Doom. On T:21137 you reached level 19 of The Dungeons of Doom. On T:21477 you advanced to experience level 10. On T:21528 you reached level 20 of The Dungeons of Doom. On T:22415 you reached level 22 of The Dungeons of Doom. On T:22906 you reached level 23 of The Dungeons of Doom. On T:23410 you reached level 24 of The Dungeons of Doom. On T:23614 you reached level 25 of The Dungeons of Doom. On T:24175 you reached level 26 of The Dungeons of Doom. On T:24460 you advanced to experience level 11. Score breakdown: Gold: 7132 (13107 points) Experience: 11 levels (17616 points) Exploration: 26 levels ( 53.06%) (21650 points) Discoveries: 54 items ( 21.60%) (13942 points) Valuables value: (no points given unless you survive) Artifact value: 4000 (12253 points) Variety of kills: 147 monsters ( 38.68%) (18658 points) Turncount: 24469 turns (-3700 points) Survival: died (score multiplied by 80%) Total score: 74820 Latest messages: You kill the giant mimic! Welcome to experience level 11. You feel more confident in your skills. You are now most skilled in two weapon combat. The air elemental engulfs you! You are pummeled with debris! (2x) You are pummeled with debris! (3x) You feel an absence of magical power. You are pummeled with debris! (3x) You begin praying to Tyr. You are pummeled with debris! (5x) You die... Final status: Farvel puck the Valkyrie, killed by an air elemental, while praying... You died in The Dungeons of Doom on dungeon level 25 with 74820 points, and 7132 pieces of gold, after 24469 moves. You were level 11 with a maximum of 127 hit points when you died.